 Dungeon Crawl Stone Soup version 0.26.1-11-gd32895ea62 (webtiles) character file.

Game seed: 13446967950366852423

366 Descartes the Sneak (level 6, 0/28 HPs)
             Began as a Felid Wanderer on July 6, 2021.
             Was a Follower of Elyvilon.
             Splashed by a jelly's acid (5 damage)
             ... on level 5 of the Dungeon.
             The game lasted 00:06:30 (4918 turns).

Descartes the Sneak (Felid Wanderer)                Turns: 4918, Time: 00:06:31

Health: 0/28       AC: -2    Str: 10    XL:     6   Next: 40%
Magic:  7/7        EV: 21    Int: 11    God:    Elyvilon [*.....]
Gold:   305        SH:  0    Dex: 18    Spells: 5/5 levels left
                                        Lives:  0   Deaths: 1

rFire    . . .     SeeInvis +     - Unarmed
rCold    . . .     Faith    .   (shield unavailable)
rNeg     . . .     Spirit   .   (armour unavailable)
rPois    .         Reflect  .   (helmet unavailable)
rElec    .         Harm     .   (cloak unavailable)
rCorr    .         Rampage  .   (gloves unavailable)
Will     .....                  (boots unavailable)
Stlth    ++++......             (no amulet)
HPRegen  0.09/turn              (no ring)
MPRegen  0.10/turn              (no ring)

@: corroded, quick
A: very small, no armour, no weapons or thrown items, stealth, claws 1, fangs 3,
see invisible, speed 1, shaggy fur 2, sharp paws
a: Renounce Religion, Lesser Healing, Divine Protection


You were on level 5 of the Dungeon.
You worshipped Elyvilon.
Elyvilon was aware of your devotion.
You visited 2 branches of the dungeon, and saw 6 of its levels.

You collected 305 gold pieces.

Inventory:

Missiles
 g - 141 stones
Wands
 i - a wand of polymorph (7)
 l - a wand of random effects (24)
Scrolls
 a - a scroll of fear
 d - 3 scrolls of teleportation
 e - 3 scrolls of blinking {unknown}
 f - 2 scrolls of identify {unknown}
 j - a scroll of enchant weapon {unknown}
 m - a scroll of random uselessness {unknown}
 n - 5 scrolls of remove curse {unknown}
Potions
 b - a potion of heal wounds
 c - 4 potions of curing
 h - 2 potions of flight {unknown}
 k - a potion of berserk rage {unknown}
 o - a potion of brilliance {unknown}
 p - a potion of magic {unknown}
 q - a potion of haste {unknown}


   Skills:
 - Level 3.0 Fighting
 + Level 5.2 Dodging
 + Level 7.2 Stealth
 + Level 5.1 Unarmed Combat
 - Level 3.0 Evocations


You had 5 spell levels left.
You didn't know any spells.
Your spell library was empty.

Dungeon Overview and Level Annotations

Branches:
Dungeon (5/15)             Temple (1/1) D:4

Altars:
Cheibriados
Dithmenos
Elyvilon
Fedhas
Gozag
Kikubaaqudgha
Makhleb
Nemelex Xobeh
Okawaru
Qazlal
Sif Muna
Vehumet
Wu Jian
Xom
Yredelemnul

Annotations:
D:4 Grinder


Innate Abilities, Weirdness & Mutations

You cannot wear armour.
You are incapable of wielding weapons or throwing items.
Your paws allow you to move quietly. (Stealth)
You have sharp claws.
You have razor-sharp teeth.
You have supernaturally acute eyesight. (SInv)
You cover ground quickly.
You are covered in thick fur. (AC +2)
Your sharp claws are effective at attacking unaware monsters.


Message History

* * * LOW HITPOINT WARNING * * *
You are too injured to fight recklessly!
You are too injured to fight recklessly!
You are too injured to fight recklessly!
You are too injured to fight recklessly!
You are too injured to fight recklessly!
You are too injured to fight recklessly!
You are too injured to fight recklessly!
You are too injured to fight recklessly!
You are too injured to fight recklessly!
You are too injured to fight recklessly!
You are too injured to fight recklessly!
You are too injured to fight recklessly!
You are too injured to fight recklessly!
You are too injured to fight recklessly!
You are too injured to fight recklessly!
You are too injured to fight recklessly!
You are too injured to fight recklessly!
You scratch the jelly but do no damage.
Your paws burn!
You die...

#............... ..
#.....#.......## ...
#.....#.......# ....
#.....#.......#
....#####.....#.......#
............###.......#
............###.....(.##
.....Z.J................
.......@................
........................
........................
........................
.....(..................
###########..)..........
#.............
#...........⌠.
###########.._


You could see a jelly and a bullfrog skeleton.

Vanquished Creatures
  Eustachio (D:4)
  A centaur zombie (D:5)
  2 hounds
  An orc wizard (D:5)
  A centaur skeleton (D:5)
  Terence (D:2)
  Natasha (thrice) (D:2)
  An iguana (D:4)
  A hound skeleton (D:5)
  An adder (D:2)
  2 ufetubi
  7 worms
  2 leopard geckos
  12 orcs
  8 bats
  4 giant cockroaches
  6 goblins
  11 hobgoblins
  2 quokkas
  A ball python (D:4)
  A frilled lizard (D:3)
  8 kobolds
  7 rats
84 creatures vanquished.

Vanquished Creatures (others)
  A giant cockroach (D:4)
  10 plants (D:2)
11 creatures vanquished.

Grand Total: 95 creatures vanquished

Notes
Turn   | Place    | Note
-------+----------+-------------------------------------------
     0 | D:1      | Descartes the Felid Wanderer began the quest for the Orb.
     0 | D:1      | Descartes set off with the following items: a scroll of
                  | fear, a potion of heal wounds, a potion of curing, a scroll
                  | of teleportation
     0 | D:1      | Reached XP level 1. HP: 10/10 MP: 2/2
   106 | D:1      | Reached skill level 3 in Stealth
   288 | D:1      | Reached XP level 2. HP: 5/14 MP: 3/3
   519 | D:1      | Reached skill level 4 in Stealth
  1061 | D:2      | Noticed Terence
  1073 | D:2      | Killed Terence
  1074 | D:2      | Reached skill level 5 in Stealth
  1074 | D:2      | Reached XP level 3. HP: 15/17 MP: 4/4
  1917 | D:2      | Noticed Natasha
  1926 | D:2      | Killed Natasha
  1927 | D:2      | Reached XP level 4. HP: 7/21 MP: 5/5
  2187 | D:2      | Noticed Natasha
  2198 | D:2      | Killed Natasha
  2302 | D:2      | Noticed Natasha
  2321 | D:2      | Killed Natasha
  2322 | D:2      | Reached skill level 5 in Dodging
  2322 | D:2      | Reached XP level 5. HP: 16/24 MP: 6/6
  3642 | D:4      | Noticed Eustachio
  3649 | D:4      | Killed Eustachio
  3650 | D:4      | Reached skill level 5 in Unarmed Combat
  3650 | D:4      | Gained mutation: You are covered in thick fur. (AC +2)
                  | [Felid growth]
  3650 | D:4      | Reached XP level 6. HP: 28/28 MP: 7/7
  3670 | D:4      | Reached skill level 6 in Stealth
  3767 | D:4      | Found a staircase to the Ecumenical Temple.
  3775 | Temple   | Entered the Ecumenical Temple
  4080 | Temple   | Became a worshipper of Elyvilon the Healer
  4129 | D:4      | Found a burning altar of Makhleb.
  4139 | D:4      | Noticed Grinder
  4152 | D:4      | Noticed Grinder
  4152 | D:4      | Grinder changed into Grinder the tormentor
  4159 | D:4      | Killed from afar by Grinder the tormentor
  4160 | D:4      | Reached XP level 5. HP: -3/24 MP: 6/6
  4203 | D:5      | Entered Level 5 of the Dungeon
  4348 | D:5      | Reached XP level 6. HP: 21/28 MP: 7/7
  4462 | D:5      | Reached skill level 7 in Stealth
  4656 | D:5      | Reached * piety under Elyvilon
  4883 | D:5      | Found a sparkling altar of Nemelex Xobeh.
  4918 | D:5      | Splashed by a jelly's acid

Illustrated notes

Levels and vault maps discovered:
D:1:      dpeg_arrival_concentric_ovals, layout_basic
D:2:      layout_basic, guppyfry_early_lair_pool, uniq_natasha, uniq_terence
D:3:      layout_basic, minmay_door_square
D:4:      layout_gridville, lemuel_round_altar, minmay_temple_entry_overgrown,
          hangedman_abyss_or_decor_lesser_grid, xom_confusion_cloud,
          uniq_eustachio, uniq_grinder
D:5:      corexii_shack_village, layout_basic,
          chequers_temple_overflow_minitemple,
          nemelex_xobeh_ov_fountains_minmay, lightli_temple_of_fire
Temple:   oiseaux_autumnal_temple

Skill      XL: |  1  2  3  4  5  6 |
---------------+-------------------+-----
Stealth        | 3 5 7 |  7.2
Dodging        | 2 4 5 |  5.2
Unarmed Combat | 5 |  5.1
Evocations     | 3 |  3.0
Fighting       | |  3.0

Action                   |  1- 3 |  4- 6 || total
-------------------------+-------+-------++-------
Melee: Unarmed           |    84 |   176 ||   260
       Bite              |    11 |    21 ||    32
       Punch             |     1 |     3 ||     4
Evoke: Wand              |       |     2 ||     2
 Stab: Sleeping          |    10 |    20 ||    30
Armor: Skin              |    12 |     5 ||    17
Dodge: Dodged            |    69 |   146 ||   215
